 Dungeon Crawl Stone Soup version 0.14-a0-1876-g927fc3a (webtiles) character file.

257 Kae the Firebug (level 5, -6/28 HPs)
             Began as a Tengu Fire Elementalist on Jan 14, 2014.
             Mangled by an orc priest
             ... wielding a +0,+1 orcish short sword
              (10 damage)
             ... on Level 3 of the Dungeon.
             The game lasted 00:05:50 (2693 turns).

Kae the Firebug (Tengu Fire Elementalist)           Turns: 2693, Time: 00:05:51

HP  -6/28        AC  6     Str  8      XL: 5   Next: 90%
MP   2/12        EV 12     Int 16      God:
Gold 44          SH  9     Dex 15      Spells:  1 memorised,  8 levels left

rFire  + . .     SeeInvis .     (no weapon)
rCold  + . .     Clarity  .     t - +2 robe {rC+ rF+}
rNeg   . . .     Conserve .     j - +0 dwarf buckler
rPois  +         rCorr    .     (helmet restricted)
rElec  .         rRot     .     m - +0 cloak
SustAb . .       Spirit   .     d - +0 pair of gloves
rMut   .         Warding  .     (boots unavailable)
Saprov . . .     Stasis   .     (no amulet)
MR     .....                    (no ring)
                                o - ring of poison resistance

@: very slightly contaminated, not resistant to hostile enchantments, fairly
stealthy
A: able to fly, beak, talons 3
a: Fly


You were on level 3 of the Dungeon.
You were hungry.

You visited 1 branch of the dungeon, and saw 3 of its levels.

You collected 44 gold pieces.

Inventory:

Missiles
 p - 4 tomahawks (quivered)
Armour
 a - a +0 robe
 d - a +0 pair of gloves (worn)
 j - a +0 dwarven buckler (worn)
 m - a +0 cloak (worn)
 t - a +2 robe of resistance (worn)
Comestibles
 c - a bread ration
 f - a sausage
 h - a rotting chunk of giant gecko flesh
 i - an apple
 l - 3 rotting chunks of orc flesh
 r - a meat ration
Scrolls
 e - a scroll of identify
 g - 2 scrolls of fear
 n - 2 scrolls of remove curse {unknown}
Jewellery
 o - a ring of poison resistance (left hand)
Potions
 k - a potion of restore abilities {unknown}
 q - a potion of curing {unknown}
 s - 2 potions of mutation {unknown}
Books
 b - a book of Flames

   Spells                             Type                      Level
   *Flame Tongue                      Conjuration/Fire             1
   Throw Flame                        Conjuration/Fire             2
   Conjure Flame                      Conjuration/Fire             3
   Inner Flame                        Hexes/Fire                   3
   Sticky Flame                       Conjuration/Fire             4
   Fireball                           Conjuration/Fire             5


   Skills:
 - Level 2.1 Dodging
 - Level 2.0 Stealth
 + Level 2.0 Shields
 + Level 2.9 Spellcasting
 * Level 4.2 Conjurations
 * Level 4.8 Fire Magic


You had 8 spell levels left.
You knew the following spells:

 Your Spells              Type           Power        Failure   Level  Hunger
a - Flame Tongue          Conj/Fire      ###..        3%          1    #......


Dungeon Overview and Level Annotations

Branches:
Dungeon (3/16)

Altars:


Innate Abilities, Weirdness & Mutations

You can fly.
You have a beak for a mouth.
You have claws for feet.


Message History

Confirm with . or Enter, or press ? or * to list all spells.
Aiming: Flame Tongue
Press: ? - help, Shift-Dir - straight line, f/p - orc wizard
Aim: an orc wizard, wielding an orcish club and wearing an orcish robe (almost dead)
You miscast Flame Tongue.
You are very lightly contaminated with residual magic.
You smell something strange.
The orc priest calls down the wrath of Beogh upon you.
Something smites you!
* * * LOW HITPOINT WARNING * * *
Casting: Flame Tongue
Confirm with . or Enter, or press ? or * to list all spells.
Aiming: Flame Tongue
Press: ? - help, Shift-Dir - straight line, f/p - orc wizard
Aim: an orc wizard, wielding an orcish club and wearing an orcish robe (almost dead)
The flame hits the orc wizard.
You kill the orc wizard!
Your Shields skill increases to level 2!
The orc priest hits you with an orcish short sword!
You die...

#...##...##..#
#......(.
#...##..#
#.##.....
#...##..# .
#....( #...##..#
#....< #...##..
#..... #...#
#..... #...#
#....% #...# #
#..... #..@# .#
#..... #.o)##..#
#..... #.).....#
#.....
................o
......
###############
######


You could see an orc priest.

Vanquished Creatures
  An orc wizard (D:3)
  Ijyb (D:3)
  Jessica (D:3)
  A giant mite (D:3)
  8 adders
  2 giant geckos (D:3)
  3 oozes
  4 orcs (D:3)
  2 ball pythons
  10 goblins
  7 hobgoblins
  3 kobolds
  7 bats
  3 giant cockroaches
  4 giant newts
  2 jackals (D:1)
  8 rats
67 creatures vanquished.

Notes
Turn   | Place    | Note
--------------------------------------------------------------
     0 | D:1      | Kae, the Tengu Fire Elementalist, began the quest for the Orb.
     0 | D:1      | Reached XP level 1. HP: 10/10 MP: 3/3
   139 | D:1      | Reached XP level 2. HP: 15/15 MP: 3/5
  1013 | D:2      | Reached XP level 3. HP: 13/19 MP: 0/7
  1080 | D:1      | HP: 1/28 [poisoned by an adder]
  1407 | D:2      | Reached skill level 1 in Shields
  1921 | D:2      | Reached skill level 4 in Fire Magic
  1921 | D:2      | Reached XP level 4. HP: 24/24 MP: 4/8
  2342 | D:3      | Noticed Ijyb
  2364 | D:3      | Killed Ijyb
  2364 | D:3      | Reached XP level 5. HP: 19/28 MP: 2/11
  2591 | D:3      | Noticed Jessica
  2605 | D:3      | Killed Jessica
  2693 | D:3      | Mangled by an orc priest

Action                   |  1- 3 |  4- 6 || total
-------------------------+-------+-------++-------
Melee: Unarmed           |    62 |    20 ||    82
 Cast: Flame Tongue      |    58 |    66 ||   124
  Use: Potion            |     2 |       ||     2
       Scroll            |       |     4 ||     4
